 Dungeon Crawl Stone Soup version 0.19-a0-1277-g7cecae3 (webtiles) character file.

7084 GordonOverkill the Cleaver (level 11, -11/136 HPs)
             Began as a Formicid Abyssal Knight on Aug 30, 2016.
             Was a High Priest of Lugonu.
             Mangled by a white ugly thing (13 damage)
             ... in an ice cave.
             The game lasted 00:32:18 (11966 turns).

GordonOverkill the Cleaver (FoAK)                  Turns: 11966, Time: 00:32:19

Health: -11/136    AC: 29    Str: 19    XL:     11   Next: 30%
Magic:  12/12      EV:  2    Int: 13    God:    Lugonu [*****.]
Gold:   590        SH:  0    Dex: 10    Spells: 0 memorised, 10 levels left

rFire  . . .     SeeInvis .     e - +4 hand axe (flame)
rCold  . . .     Gourm    .     (armour currently unavailable)
rNeg   + + +     Faith    .     (no shield)
rPois  +         Spirit   .     (helmet unavailable)
rElec  .         Dismiss  .     (cloak currently unavailable)
rCorr  .         Reflect  .     (gloves currently unavailable)
MR     +....     Harm     .     (boots currently unavailable)
Stlth  +.........               (no amulet)
                                k - +4 ring of protection
                                M - ring of teleportation (curse)

@: tree-form
A: permanent stasis, dig shafts and tunnels, four strong arms, (antennae 0)
a: Depart the Abyss, Bend Space, Banish, Corrupt, Enter the Abyss, Renounce
Religion


You were in an ice cave.
You worshipped Lugonu.
Lugonu was extremely pleased with you.
You were very hungry.
You were a tree.
You visited 1 branch of the dungeon, and saw 11 of its levels.
You visited the Abyss 1 time.
You also visited: Sewer, Ossuary and Ice Cave.

You collected 590 gold pieces.

Inventory:

Hand Weapons
 e - a +4 hand axe of flaming (weapon)
 n - a +0 war axe
Missiles
 G - 2 throwing nets (quivered)
Armour
 x - a +2 pair of boots of running (melded)
 H - a +0 plate armour (melded)
Jewellery
 f - an uncursed ring of ice
 k - a +4 ring of protection (right branch)
 r - an uncursed ring of stealth
 M - a cursed ring of teleportation (left branch)
Wands
 g - a wand of disintegration (8/24)
 y - a wand of flame (13/48)
 B - a wand of slowing (30/48)
 D - a wand of flame (21/48)
 J - a wand of paralysis (13/24)
 K - a wand of paralysis (9/24)
 L - a wand of iceblast (7/15)
Scrolls
 a - a scroll of recharging
 d - 10 scrolls of remove curse
 i - a scroll of fear
 m - 2 scrolls of fog
 o - a scroll of identify
 z - a scroll of enchant weapon
Potions
 b - a potion of lignification
 h - 9 potions of curing
 j - 2 potions of agility {unknown}
 l - 3 potions of flight
 q - 2 potions of mutation {unknown}
 s - a potion of magic {unknown}
 u - a potion of haste {unknown}
 A - a potion of brilliance {unknown}
 C - a potion of ambrosia {unknown}
 F - a potion of cure mutation {unknown}
 O - a potion of berserk rage {unknown}
 Q - a potion of resistance {unknown}
Books
 w - a book of Annihilations

   Spells                             Type                      Level
   a - Poison Arrow                   Conjuration/Poison           6
   b - Chain Lightning                Conjuration/Air              8
   c - Lehudib's Crystal Spear        Conjuration/Earth            8
   d - Glaciate                       Conjuration/Ice              9
   e - Fire Storm                     Conjuration/Fire             9
Comestibles
 c - 7 bread rations
 p - a royal jelly
 v - 6 meat rations
 E - 6 beef jerkies


   Skills:
 - Level 10.3 Fighting
 + Level 13.4 Axes
 + Level 4.2 Armour
 - Level 0.8 Dodging
 - Level 2.1 Invocations


You had 10 spell levels left.
You didn't know any spells.

Dungeon Overview and Level Annotations

Branches:
Dungeon (13/15)            Temple (0/1) D:7
   Lair: D:8-11         Orc: D:9-12      Vaults: D:13-14

Altars:
Elyvilon
Gozag
Makhleb
Nemelex Xobeh
Okawaru
Trog
Vehumet
Yredelemnul
Zin

Shops:
D:7 *   D:10 *


Innate Abilities, Weirdness & Mutations

You are under a permanent stasis effect.
You can dig through walls and to a lower floor.
Your four strong arms can wield two-handed weapons with a shield.
((You have a pair of large antennae on your head. (SInv)))


Message History

You closely miss the white ugly thing.
The white ugly thing is heavily wounded.
You slash the white ugly thing! You burn the white ugly thing.
The white ugly thing is severely wounded.
The white ugly thing tentacle-slaps you.
The white ugly thing freezes you!!
You completely miss the white ugly thing.
The white ugly thing is severely wounded.
The white ugly thing tentacle-slaps you!
* * * LOW HITPOINT WARNING * * *
The white ugly thing freezes you!!
* * * LOW HITPOINT WARNING * * *
You closely miss the white ugly thing.
The white ugly thing is severely wounded.
You hit the white ugly thing but do no damage.
The white ugly thing is severely wounded.
The white ugly thing tentacle-slaps you.
* * * LOW HITPOINT WARNING * * *
The white ugly thing freezes you!
You die...

### ######
######u## (....##
##.....#♣#
).....###......###
.......#....u..#
.......#.......#
..........∩..∩.#
.......#.......#
.......#.......#
......###......#
.....## ##.....#


You could see a white ugly thing.

Vanquished Creatures
  The ghost of xvga the Bludgeoner, a journeyman OgSk of Okawaru (D:11)
  Erica (D:10)
  A cyclops (D:7)
  Grinder (D:5)
  Sigmund (D:6)
  4 yaks (D:10)
  The ghost of GordonOverkill the Slasher, an amateur FoAK of Lugonu (D:4)
  A steam dragon (D:6)
  Duvessa (D:4)
  2 water moccasins
  7 ice beasts
  An orc warrior (D:7)
  4 ogres
  5 centaurs
  6 giant frogs
  Dowan (D:4)
  4 scorpions
  4 killer bees (D:10)
  A howler monkey (D:6)
  A crimson imp (D:6)
  2 centaur zombies
  2 hounds
  2 jellies
  3 orc priests
  6 orc wizards
  A centaur skeleton (D:4)
  An iguana (D:7)
  5 worker ants
  A big kobold zombie (Ossuary)
  A hound skeleton (D:11)
  4 mummies (Ossuary)
  Robin (D:4)
  2 howler monkey zombies
  11 adders
  2 shadow imps (D:10)
  8 oozes
  An adder zombie (D:7)
  2 worms
  2 dart slugs
  23 giant geckos
  21 orcs
  7 bats
  16 giant cockroaches
  A gnoll zombie (Ossuary)
  18 goblins
  14 hobgoblins
  11 jackals
  5 quokkas
  8 ball pythons
  A ball python skeleton (D:6)
  22 giant newts
  A goblin zombie (Ossuary)
  7 kobolds
  2 kobold zombies (Ossuary)
  2 orc zombies (Ossuary)
  15 rats
279 creatures vanquished.

Notes
Turn   | Place    | Note
-------+----------+-------------------------------------------
     0 | Abyss:1  | GordonOverkill the Formicid Abyssal Knight began the quest for the Orb.
     0 | Abyss:1  | Reached XP level 1. HP: 18/18 MP: 2/2
     7 | Abyss:1  | Found a corrupted altar of Lugonu.
    25 | Abyss:1  | Found a sparkling altar of Nemelex Xobeh.
    44 | Abyss:1  | Noticed a spatial maelstrom
    46 | Abyss:1  | Noticed a small abomination
    47 | D:1      | Escaped the Abyss
   112 | D:1      | Reached * piety under Lugonu
   200 | D:1      | Reached XP level 2. HP: 23/24 MP: 3/3
   458 | D:1      | Reached skill level 3 in Axes
   622 | D:2      | Reached XP level 3. HP: 20/29 MP: 4/4
  1015 | D:2      | Found a bloodstained altar of Trog.
  1228 | D:2      | Reached XP level 4. HP: 32/35 MP: 5/5
  1238 | D:2      | Reached skill level 4 in Axes
  1682 | D:2      | Found an iron altar of Okawaru.
  1691 | D:2      | Found a sparkling altar of Nemelex Xobeh.
  1849 | D:3      | Reached ** piety under Lugonu
  1876 | D:3      | Reached XP level 5. HP: 39/41 MP: 6/6
  2185 | D:3      | Reached skill level 5 in Axes
  3028 | D:4      | Noticed GordonOverkill's ghost (amateur FoAK)
  3239 | D:4      | Noticed Robin
  3328 | D:3      | Reached XP level 6. HP: 23/47 MP: 7/7
  3494 | D:3      | Reached skill level 6 in Axes
  3602 | D:4      | Killed Robin
  3897 | D:4      | Noticed Dowan
  3902 | D:4      | Noticed Duvessa
  3920 | D:4      | You fall through a shaft!
  3920 | D:5      | Entered Level 5 of the Dungeon
  4187 | D:5      | Found a glowing silver altar of Zin.
  4246 | D:5      | Found a glowing drain.
  4247 | D:5      | Reached *** piety under Lugonu
  4261 | Sewer    | Entered a sewer
  4361 | Sewer    | Reached XP level 7. HP: 52/52 MP: 8/8
  4492 | Sewer    | Reached skill level 7 in Axes
  4988 | D:5      | Reached skill level 8 in Axes
  4996 | D:5      | Reached **** piety under Lugonu
  5323 | D:5      | Noticed Grinder
  5347 | D:5      | Killed Grinder
  5347 | D:5      | Reached XP level 8. HP: 43/58 MP: 9/9
  5683 | D:5      | Reached skill level 9 in Axes
  5955 | D:6      | Found a sand-covered staircase.
  5962 | Ossuary  | Entered an ossuary
  6502 | D:6      | Reached skill level 10 in Axes
  6816 | D:6      | Found a white marble altar of Elyvilon.
  6935 | D:6      | Reached XP level 9. HP: 59/65 MP: 10/10
  6948 | D:6      | Noticed Sigmund
  6958 | D:6      | Killed Sigmund
  7156 | D:6      | Reached skill level 5 in Fighting
  7167 | D:6      | Identified a scroll of acquirement
  7176 | D:6      | Identified a +2 pair of boots of running (You acquired it on level 6 of the Dungeon)
  7228 | D:6      | Found a burning altar of Makhleb.
  7228 | D:6      | Noticed a cacodemon
  7231 | D:6      | Noticed a smoke demon
  7231 | D:6      | Noticed a smoke demon
  7482 | D:4      | Killed GordonOverkill's ghost
  7576 | D:4      | Found a basalt altar of Yredelemnul.
  7706 | D:4      | Killed Duvessa
  7723 | D:4      | Killed Dowan
  7723 | D:4      | Reached skill level 11 in Axes
  8046 | D:7      | Noticed a cyclops
  8123 | D:7      | Killed a cyclops
  8430 | D:7      | Found a staircase to the Ecumenical Temple.
  8822 | D:7      | Found a radiant altar of Vehumet.
  8869 | D:7      | Reached XP level 10. HP: 64/79 MP: 11/11
  9183 | D:7      | Found an opulent altar of Gozag.
  9489 | D:7      | Reached ***** piety under Lugonu
  9645 | D:7      | Found Gozag's Platinum Reserve.
  9805 | D:8      | Reached skill level 12 in Axes
  9875 | D:8      | You fall through a shaft for 2 floors!
  9875 | D:10     | Entered Level 10 of the Dungeon
 10145 | D:10     | Found Diurhem's General Store.
 10178 | D:10     | Noticed Erica
 10216 | D:10     | Killed Erica
 10799 | D:10     | You fall through a shaft!
 10951 | D:11     | Noticed xvga's ghost (journeyman OgSk)
 11000 | D:11     | Killed xvga's ghost
 11000 | D:11     | Reached skill level 10 in Fighting
 11000 | D:11     | Reached skill level 13 in Axes
 11000 | D:11     | Reached XP level 11. HP: 38/91 MP: 12/12
 11277 | D:11     | Noticed a cyan ugly thing
 11351 | D:11     | You fall through a shaft for 2 floors!
 11657 | D:13     | Noticed a hill giant
 11731 | D:13     | Found a frozen archway.
 11743 | IceCv    | Entered an ice cave
 11924 | IceCv    | Noticed a white ugly thing
 11964 | IceCv    | HP: 3/136 [white ugly thing (32)]
 11966 | IceCv    | Mangled by a white ugly thing

Vault maps used:
D:1:      sevenhm_arrival_forest_fort_small_4, corexii_leaking_fountain,
          nrook_loot_triangle, minmay_misc_feat_pillars
D:2:      bloody_trog, minitemple, first_bread, hangedman_glass_teeth, hex_tiny
D:4:      yredelemnul_altar_generic, corexii_checkpoint_a, uniq_duvessa,
          uniq_robin
D:5:      kennysheep_mini, portal_sewer_entry_b, uniq_grinder
D:6:      makhleb_altar_promises_db, marbit_many_paths, enter_ossuary_2,
          uniq_sigmund
D:7:      kennysheep_mini_moat, grunt_ogre_cave, nicolae_gozag_zags_fifth_avenue
D:8:      nicolae_tso_carved_into_rock
D:10:     serial_shops, shop_statue, uniq_erica
D:11:     lair_0_dummy
D:13:     grunt_vaults_entry_tiered, basic_altar,
          portal_ice_cave_entry_pillars_2, uniq_frances
Sewer:    sewer_frog_island_02
Ossuary:  ossuary_crypta
IceCv:    ice_cave_statue_garden_chambered

Skill      XL: |  1  2  3  4  5  6  7  8  9 10 11 |
---------------+----------------------------------+-----
Axes           | 3 4 5 6 8 10 11 13 | 13.4
Fighting       | 7 10 | 10.3
Armour         | 4 |  4.2
Dodging        | |  0.8
Invocations    | |  2.1

Action                   |  1- 3 |  4- 6 |  7- 9 | 10-12 || total
-------------------------+-------+-------+-------+-------++-------
Melee: Hand axe          |    73 |   256 |   399 |   334 ||  1062
Throw: Throwing net      |       |       |     2 |       ||     2
Invok: Depart the Abyss  |     1 |       |       |       ||     1
       Bend Space        |       |       |       |     1 ||     1
 Abil: Shaft Self        |       |     1 |       |     2 ||     3
       Dig               |       |       |     4 |     5 ||     9
  Use: Scroll            |       |     7 |    13 |     3 ||    23
       Potion            |       |     3 |       |     3 ||     6
 Stab: Invisible         |       |       |       |     7 ||     7
  Eat: Chunk             |     1 |    11 |     8 |     7 ||    27
       Meat ration       |       |       |     1 |       ||     1
       Pizza             |       |       |     1 |     1 ||     2
       Fruit             |       |       |       |     2 ||     2
Armor: Leather armour    |    11 |     5 |       |       ||    16
       Ring mail         |       |    43 |       |       ||    43
       Scale mail        |       |    44 |       |       ||    44
       Chain mail        |       |    47 |   179 |       ||   226
       Plate armour      |       |       |     8 |   167 ||   175
       Skin              |       |       |       |     8 ||     8
Dodge: Dodged            |    39 |   156 |    93 |    59 ||   347
